 Dungeon Crawl Stone Soup version 0.30-a0-778-g2ef04afb54 (webtiles) character file.

Game seed: 7242919791967758376

54611 kae the Protected (level 14, -7/84 HPs)
             Began as a Gargoyle Earth Elementalist on Feb 15, 2023.
             Was a High Priest of Vehumet.
             Mangled by a dire elephant (14 damage)
             ... on level 5 of the Lair of Beasts.
             The game lasted 00:19:46 (14125 turns).

kae the Protected (Gargoyle Earth Elementalist)    Turns: 14125, Time: 00:19:47

Health: -7/84      AC: 27    Str: 13    XL:     14   Next: 73%
Magic:  9/28       EV: 14    Int: 20    God:    Vehumet [*****.]
Gold:   1074       SH:  0    Dex: 10    Spells: 19/33 levels left

rFire   . . .      SeeInvis +    d - staff of conjuration {!a}
rCold   . . .      Faith    .    (no shield)
rNeg    + . .      Spirit   .    Q - +0 troll leather armour
rPois   ∞          Reflect  .    I - +2 helmet
rElec   +          Harm     .    M - +2 cloak {Will+}
rCorr   .          Rampage  .    (no gloves)
Will    ++...                    (no boots)
Stlth   ++                       K - amulet of Vitality {RegenMP++ Regen++}
HPRegen 2.74/turn                O - +4 ring of protection
MPRegen 1.01/turn                v - ring of see invisible

@: flying, studying Staves
A: sickness immunity, AC +10, big wings, negative energy resistance 1,
electricity resistance, torment resistance 1, petrification resistance
a: Renounce Religion


You were on level 5 of the Lair of Beasts.
You worshipped Vehumet.
Vehumet was extremely pleased with you.
You visited 3 branches of the dungeon, and saw 16 of its levels.
You also visited: Bailey and Gauntlet.

You collected 1074 gold pieces.


Innate Abilities, Weirdness & Mutations

You are immune to sickness and miasma.
Your stone body is resilient. (AC +10)
You are immune to poison.
Your large and strong wings let you fly.
You resist negative energy. (rN+)
You are resistant to electric shocks. (rElec)
You are resistant to unholy torment.
You are immune to petrification.


   Skills:
 - Level 8.0 Fighting
 - Level 12.8 Armour
 - Level 10.0 Dodging
 - Level 2.1 Stealth
 - Level 10.0 Spellcasting
 - Level 10.0 Conjurations
 - Level 3.0 Transmutations
 - Level 10.0 Earth Magic
 + Level 8.0 Evocations


You had 19 spell levels left.
You knew the following spells:

 Your Spells              Type           Power      Damage    Failure   Level
a - Sandblast             Erth           100%       2d20      1%          1
b - Stone Arrow           Conj/Erth      100%       3d13      1%          3
c - Passwall              Tmut/Erth      30%        N/A       1%          2
d - Petrify               Tmut/Erth      36%        N/A       5%          4
e - Flame Wave            Conj/Fire      45%        2d12      3%          4

Your spell library contained the following spells:

 Spells                   Type           Power      Damage    Failure   Level
 Ozocubu's Refrigeration  Ice            5%         4d8       100%        7
 Static Discharge         Conj/Air       90%        2-6/arc   1%          2
 Scorch                   Fire           20%        2d6       3%          2
 Frozen Ramparts          Ice            20%        1d4       7%          3
 Arcjolt                  Conj/Air       22%        1d32      8%          5
 Lightning Bolt           Conj/Air       22%        1d38      8%          5
 Apportation              Tloc           20%        N/A       9%          1
 Necrotise                Necr           40%        1d6       9%          1
 Summon Small Mammal      Summ           40%        N/A       9%          1
 Blink                    Tloc           20%        N/A       12%         2
 Call Imp                 Summ           10%        N/A       12%         2
 Call Canine Familiar     Summ           10%        N/A       24%         3
 Summon Guardian Golem    Hex/Summ       10%        N/A       24%         3
 Vhi's Electric Charge    Tloc/Air       20%        N/A       24%         3
 Ice Form                 Ice/Tmut       16%        N/A       41%         4
 Manifold Assault         Tloc           10%        N/A       63%         4
 Summon Ice Beast         Ice/Summ       10%        N/A       63%         4
 Summon Lightning Spire   Summ/Air       10%        N/A       63%         4
 Haunt                    Necr/Summ      5%         N/A       100%        7
 Malign Gateway           Summ/Tloc      5%         N/A       100%        7
 Storm Form               Tmut/Air       8%         N/A       100%        7
 Borgnjor's Revivificati  Necr           5%         N/A       100%        8
 Disjunction              Tloc           5%         N/A       100%        8
 Necromutation            Tmut/Necr      8%         N/A       100%        8
 Death's Door             Necr           5%         N/A       100%        9

Inventory:

Hand Weapons
 s - a +0 falchion
   (You took it off an orc on level 3 of the Dungeon)
Missiles
 D - 9 poisoned darts
Armour
 I - a +2 helmet (worn)
   (You found it on level 7 of the Dungeon)
 M - a +2 cloak of willpower (worn)
   (You found it in a bailey)
 Q - a +0 troll leather armour (worn)
   (You found it on level 10 of the Dungeon)
Magical Staves
 a - a staff of poison {!a}
   (You took it off a minotaur in a Gauntlet)
 d - a staff of conjuration (weapon) {!a}
   (You found it in a Gauntlet)
Jewellery
 e - an amulet of reflection
   (You found it on level 2 of the Dungeon)
 f - a ring of protection from fire
   (You found it on level 1 of the Lair of Beasts)
 n - a ring of positive energy
   (You found it on level 2 of the Dungeon)
 v - a ring of see invisible (right hand)
   (You took it off a gnoll on level 4 of the Dungeon)
 C - a ring of protection from cold
   (You found it on level 6 of the Dungeon)
 F - a ring of fire
   (You found it on level 3 of the Dungeon)
 G - an amulet of guardian spirit
   (You took it off an orc on level 5 of the Dungeon)
 K - the amulet of Vitality (around neck) {RegenMP++ Regen++}
   (You found it on level 7 of the Dungeon)

   [amulet of magic regeneration]

   It increases your rate of magic regeneration.
   Regen:     It increases your rate of health regeneration.
 L - a ring of flight
   (You found it on level 4 of the Lair of Beasts)
 N - a ring of positive energy
   (You found it on level 1 of the Dungeon)
 O - a +4 ring of protection (left hand)
   (You found it on level 10 of the Dungeon)
 S - a +6 ring of strength
   (You found it on level 3 of the Dungeon)
 T - an amulet of faith {!P}
   (You found it on level 2 of the Lair of Beasts)
 Z - a ring of wizardry
   (You found it on level 3 of the Dungeon)
Wands
 k - a wand of digging (7)
   (You found it in a Gauntlet)
 p - a wand of flame (26)
   (You found it on level 6 of the Dungeon)
 y - a wand of roots (15)
   (You found it on level 4 of the Dungeon)
 J - a wand of quicksilver (3)
   (You found it on level 7 of the Dungeon)
 P - a wand of charming (14)
   (You found it on level 10 of the Dungeon)
 X - a wand of polymorph (15)
   (You found it on level 1 of the Lair of Beasts)
Scrolls
 c - 5 scrolls of immolation {!r!r}
 g - 4 scrolls of vulnerability {!r!r}
 i - 3 scrolls of silence {!r}
 l - 8 scrolls of identify {@r1}
 m - 2 scrolls of amnesia
 z - 2 scrolls of poison
 A - 4 scrolls of teleportation {@r4}
 H - 3 scrolls of enchant weapon
 R - 4 scrolls of enchant armour
 V - a scroll of summoning
 W - a scroll of brand weapon
 Y - 2 scrolls of magic mapping {!r}
Potions
 b - 5 potions of magic
 h - 10 potions of curing {@q1}
 j - 4 potions of lignification {!q}
 q - a potion of brilliance
 r - 4 potions of berserk rage {!q}
 u - 6 potions of attraction {!q}
 w - 4 potions of haste {@q3}
 x - 4 potions of cancellation
 E - a potion of might
Miscellaneous
 t - a piece from Xom's chessboard (15/15)
   (You found it on level 3 of the Lair of Beasts)
 B - a lightning rod (4/4)
   (You found it in a Gauntlet)
 U - a phial of floods
   (You found it on level 1 of the Lair of Beasts)

Dungeon Overview and Level Annotations

Branches:
Dungeon (10/15) Zot: 26089  Temple (1/1) D:7 Zot: 5980    Lair (5/5) D:8 Zot: 25027
  Swamp (0/4) Lair:2       Spider (0/4) Lair:2        Slime (0/5) Lair:5
    Orc (0/2) D:9          Bailey (visited)         Gauntlet (visited)

Altars:
Ashenzari
Cheibriados
Dithmenos
Elyvilon
Fedhas
Gozag
Hepliaklqana
Kikubaaqudgha
Makhleb
Nemelex Xobeh
Okawaru
Qazlal
Ru
Sif Muna
Trog
Uskayaw
Vehumet
Wu Jian
Xom
Yredelemnul
Zin
The Shining One
Lugonu

Shops:
D:6 (

Annotations:
D:10 2 transporters
Lair:5 exclusion: obsidian statue

.....#..######..## ####.........
....#....##.#P.######.##.........
....#............#..#...<.#....##
..P#....##......#.........#....##
...#...####..#.##...#.#..[......#
...#...####...####.#.#.##........
.P#.....#.P....###...####........
.P#[...P......FYY#Y.#..#.....P#..
.P#....[.P....ZP@P.....##.#..##..
.........##....#§F.............#.
#........##P..P.#..P.P...........
#.^....#.##.P.Y...§..............
#.....####.#÷P.....#..!...#......
##......#.....P...#..##...P.<....
.....#........P..F.....#.........
.♣########'''########♣......)♣♣##
## .............YY.###P...♣#####


You could see a dire elephant (ally target), a spectral anaconda, 3 friendly
death yaks, a friendly cane toad (summoned) and 2 friendly blink frogs.


Message History

Aiming: Stone Arrow (safe; 1% risk of failure)
Press: ? - help, Shift-Dir - straight line, f/p - dire elephant
Aim: a dire elephant (almost dead, 100% to hit)
You feel a surge of power!
The stone arrow hits the dire elephant.
The dire elephant tramples you!
* * * LOW HITPOINT WARNING * * *
You are shoved backwards! 😨 HP[-13] MP[-2]
You take 13 damage, and now have 35/84 hp.
You lost 2 mp, and now have 8/28 mp.
Casting: Stone Arrow (safe; 1% risk of failure)
Confirm with . or Enter, or press ? or * to list all spells.
Aiming: Stone Arrow (safe; 1% risk of failure)
Press: ? - help, Shift-Dir - straight line, f/p - dire elephant
Aim: a dire elephant (almost dead, 100% to hit)
You feel a surge of power!
The stone arrow hits the dire elephant!
You kill the dire elephant!
Vehumet accepts your kill.
You feel your power returning.
Your Evocations skill increases to level 8! 😨 HP[+3] MP[+4]
You regained 3 hp, and now have 38/84 hp.
You regained 4 mp, and now have 12/28 mp.
Casting: Stone Arrow (safe; 1% risk of failure)
Confirm with . or Enter, or press ? or * to list all spells.
Aiming: Stone Arrow (safe; 1% risk of failure)
Press: ? - help, Shift-Dir - straight line, f - dire elephant
Aim: a dire elephant (100% to hit)
You feel a surge of power!
The stone arrow hits the dire elephant!
The dire elephant tramples you!!
* * * LOW HITPOINT WARNING * * *
You hold your ground!
The dire elephant barely misses you. 😱 HP[-19] MP[-2]
You take 19 damage, and now have 19/84 hp.
MASSIVE DAMAGE!! (PAUSE)
You lost 2 mp, and now have 10/28 mp.
Casting: Stone Arrow (safe; 1% risk of failure)
Confirm with . or Enter, or press ? or * to list all spells.
Aiming: Sandblast (safe; 1% risk of failure)
Press: ? - help, Shift-Dir - straight line, f/p - dire elephant
Aim: a dire elephant (lightly wounded, 100% to hit)
The blast of sand hits the dire elephant.
The dire elephant misses you. x2 😨 HP[+4]
You regained 4 hp, and now have 23/84 hp.
Casting: Sandblast (safe; 1% risk of failure)
Confirm with . or Enter, or press ? or * to list all spells.
Aiming: Sandblast (safe; 1% risk of failure)
Press: ? - help, Shift-Dir - straight line, f/p - dire elephant
Aim: a dire elephant (lightly wounded, 100% to hit)
The blast of sand hits the dire elephant but does no damage.
The dire elephant tramples you!
* * * LOW HITPOINT WARNING * * *
You hold your ground!
The dire elephant trunk-slaps you!
* * * LOW HITPOINT WARNING * * *
The dire elephant completely misses you.
The dire elephant trunk-slaps you but does no damage. 😱 HP[-12] MP[+1]
You take 12 damage, and now have 11/84 hp.
Casting: Sandblast (safe; 1% risk of failure)
Confirm with . or Enter, or press ? or * to list all spells.
Aiming: Stone Arrow (safe; 1% risk of failure)
Press: ? - help, Shift-Dir - straight line, f/p - dire elephant
Aim: a dire elephant (lightly wounded, 100% to hit)
You feel a surge of power!
The stone arrow hits the dire elephant but does no damage.
The dire elephant misses you.
The dire elephant trunk-slaps you but does no damage. 😱 HP[+3] MP[-2]
You regained 3 hp, and now have 14/84 hp.
You lost 2 mp, and now have 9/28 mp.
Unknown command.
Casting: Stone Arrow (safe; 1% risk of failure)
Confirm with . or Enter, or press ? or * to list all spells.
Aiming: Stone Arrow (safe; 1% risk of failure)
Press: ? - help, Shift-Dir - straight line, f/p - dire elephant
Aim: a dire elephant (lightly wounded, 100% to hit)
You feel a surge of power!
The stone arrow hits the dire elephant!!
The dire elephant tramples you!
* * * LOW HITPOINT WARNING * * *
You hold your ground!
The dire elephant barely misses you. 😱 HP[-12] MP[-2]
You take 12 damage, and now have 2/84 hp.
You lost 2 mp, and now have 7/28 mp.
Unknown command.
As you read the scroll of summoning, it crumbles to dust.
Wisps of shadow whirl around you... The dire elephant closely misses you.
The dire elephant trunk-slaps you.
* * * LOW HITPOINT WARNING * * *
😱 HP[+2] MP[+1]
You regained 2 hp, and now have 4/84 hp.
Unknown command.
Unknown command.
You swap places.
Your blink frog blinks!
Your blink frog hits the bush.
Your blink frog blinks!
The dire elephant tramples you!
You die...

Skill      XL: |  1  2  3  4  5  6  7  8  9 10 11 12 13 14 |
---------------+-------------------------------------------+-----
Earth Magic    | 4 5 6 8 9 10 | 10.0
Spellcasting   | 3 4 5 6 8 9 10 | 10.0
Conjurations   | 2 3 4 5 8 10 | 10.0
Fighting       | 8 |  8.0
Dodging        | 2 8 10 | 10.0
Transmutations | 3 |  3.0
Armour         | 7 12 | 12.8
Evocations     | 8 |  8.0
Stealth        | |  2.1

Action                     |  1- 3 |  4- 6 |  7- 9 | 10-12 | 13-15 || total
---------------------------+-------+-------+-------+-------+-------++-------
  Melee: Unarmed           |    10 |       |       |       |       ||    10
         Falchion          |       |    25 |    12 |       |     2 ||    39
         Punch             |       |     1 |       |       |       ||     1
   Cast: Sandblast         |    47 |    67 |    97 |   114 |   125 ||   450
         Stone Arrow       |       |     3 |    46 |   299 |   394 ||   742
  Evoke: Wand              |       |       |       |     3 |       ||     3
    Use: Scroll            |     4 |     5 |     9 |     8 |     6 ||    32
         Potion            |       |       |     2 |     1 |       ||     3
 Armour: Robe              |    11 |    13 |    42 |    33 |       ||    99
         Troll leather arm |       |       |       |   145 |   276 ||   421
  Dodge: Dodged            |    10 |    41 |    65 |   192 |   291 ||   599
  Block: Other             |     2 |    17 |    18 |       |       ||    37
         Reflection        |       |     2 |     2 |       |       ||     4

Levels and vault maps discovered:
D:1:      nzn_arrival_water_spiral, layout_basic, minivault_14,
          chequers_big_river, minmay_misc_feat_chi
D:2:      layout_basic, serial_curves, eino_curves_01, eino_curves_03
D:3:      layout_loops_ring, marbit_many_paths,
          mainiacjoe_overflow_tiny_flanked, mainiacjoe_overflow_alcove_2,
          uniq_robin
D:4:      layout_rooms, regret_index_temple_of_mockery,
          nemelex_diamond_rough_becter
D:5:      layout_basic
D:6:      minmay_evil_eye, layout_basic, mainiacjoe_overflow_24_doors,
          yredelemnul_forgotten_temple_becter, serial_shops,
          nicolae_shop_bloodbath_and_beyond, uniq_menkaure
D:7:      layout_basic, mainiacjoe_overflow_concentric_impassable,
          minmay_temple_entry_stoned_glass,
          hellmonk_guarded_unrand_vitality_bloodlust
D:8:      layout_rooms, lemuel_tele_altar, dpeg_lair_monsters
D:9:      layout_big_octagon, mainiacjoe_overflow_alcove_4,
          hangedman_ru_absence, nicolae_uskayaw_en_pointe, orc_0_dummy,
          serial_column_ruins, column_ruins_corridor_straight,
          column_ruins_grid_3, column_ruins_open_tiny, column_ruins_grid_2,
          column_ruins_grid_3, enter_bailey_5, dk_vineyard_3
D:10:     gammafunk_corrupted_shrine, layout_gridville, bloody_makhleb
Temple:   hellmonk_temple_two_chambers
Lair:1:   layout_gridlike, beast_lair_carwin_9
Lair:2:   layout_gridlike, swamp_mist, spider_nest_entry_webs,
          nicolae_quartered_pool_little
Lair:3:   layout_cave_pods, gauntlet_entry_generic
Lair:4:   minmay_lair_venomous_thicket, layout_misc_corridors,
          serial_bayou_pond_b
Lair:5:   due_jungle_book, layout_loops_ring, minmay_slime_entry_oklob_enclosed,
          hangedman_lair_unloving_vines, pdpol_lair_cavern_descent,
          serial_bayou_shore_a

Notes
Turn   | Place    | Note
-------+----------+-------------------------------------------
     0 | D:1      | kae the Gargoyle Earth Elementalist began the quest for the
                  | Orb.
     0 | D:1      | Reached XP level 1. HP: 10/10 MP: 3/3
     0 | D:1      | magus.rc [v1.11.3]
    61 | D:1      | You add the spells Scorch, Call Imp, Call Canine Familiar
                  | and Malign Gateway to your library.
    61 | D:1      | Got Atemokhle's Monograph on the Blistering Entourage
   260 | D:1      | Reached XP level 2. HP: 15/15 MP: 3/5
   279 | D:1      | Reached skill level 4 in Earth Magic
   458 | D:1      | You pick up a book of Cantrips and begin reading...
   458 | D:1      | You add the spells Necrotise, Summon Small Mammal and
                  | Apportation to your library.
  1045 | D:2      | Reached XP level 3. HP: 17/19 MP: 1/7
  1049 | D:2      | Learned a level 3 spell: Stone Arrow
  1052 | D:2      | Learned a level 2 spell: Passwall
  1345 | D:2      | Reached skill level 3 in Spellcasting
  1766 | D:3      | Reached XP level 4. HP: 24/24 MP: 6/8
  1812 | D:3      | Noticed Robin
  1837 | D:3      | Killed Robin
  1838 | D:3      | Reached skill level 5 in Earth Magic
  1989 | D:3      | Reached skill level 1 in Conjurations
  2181 | D:3      | Reached skill level 2 in Conjurations
  2181 | D:3      | Reached XP level 5. HP: 18/28 MP: 6/10
  2468 | D:3      | Found an opulent altar of Gozag.
  2635 | D:3      | Found a stormy altar of Qazlal.
  2767 | D:3      | Found an ornate altar of the Wu Jian Council.
  2890 | D:4      | Reached skill level 3 in Conjurations
  2890 | D:4      | Reached XP level 6. HP: 32/32 MP: 8/11
  3014 | D:4      | Found a sparkling altar of Nemelex Xobeh.
  3098 | D:4      | You pick up a book of Rime and begin reading...
  3098 | D:4      | You add the spells Frozen Ramparts, Ice Form and Summon Ice
                  | Beast to your library.
  3225 | D:4      | Reached skill level 4 in Spellcasting
  3225 | D:4      | Reached skill level 4 in Conjurations
  3274 | D:4      | Reached skill level 6 in Earth Magic
  3274 | D:4      | Reached XP level 7. HP: 36/36 MP: 8/13
  3337 | D:4      | Found a hazy altar of Hepliaklqana.
  3338 | D:4      | Found a shimmering altar of Xom.
  3339 | D:4      | Noticed a spectral ugly thing
  3492 | D:5      | Entered Level 5 of the Dungeon
  3767 | D:5      | Identified the +1 helmet of Tomorrow {Will+ rCorr Dex-5
                  | Stlth+}
  3926 | D:5      | HP: 1/36 [orc priest/divine providence (14)]
  3938 | D:5      | Reached skill level 5 in Conjurations
  4721 | D:6      | Reached XP level 8. HP: 39/41 MP: 11/15
  4757 | D:6      | Reached skill level 6 in Conjurations
  4791 | D:6      | Found a glowing silver altar of Zin.
  4814 | D:6      | Reached skill level 5 in Spellcasting
  4814 | D:6      | Reached skill level 7 in Earth Magic
  5105 | D:6      | Reached skill level 7 in Conjurations
  5125 | D:6      | Noticed Menkaure
  5127 | D:6      | Found Wuteq's Weapon Shop.
  5130 | D:6      | Killed Menkaure
  5237 | D:6      | Found a basalt altar of Yredelemnul.
  5664 | D:6      | Reached skill level 8 in Conjurations
  5664 | D:6      | Reached skill level 8 in Earth Magic
  5664 | D:6      | Reached XP level 9. HP: 45/45 MP: 2/17
  6350 | D:7      | Found a staircase to the Ecumenical Temple.
  6358 | Temple   | Entered the Ecumenical Temple
  6489 | D:7      | Reached skill level 6 in Spellcasting
  6654 | D:7      | Found a blossoming altar of Fedhas.
  6711 | D:7      | Noticed a deep troll
  6796 | D:7      | Noticed a deep troll
  6797 | D:7      | Found the amulet of Vitality {RegenMP++ Regen++}
  6926 | D:7      | Killed a deep troll
  6927 | D:7      | Reached skill level 9 in Conjurations
  7038 | D:7      | Killed a deep troll
  7039 | D:7      | Reached skill level 10 in Conjurations
  7039 | D:7      | Reached skill level 9 in Earth Magic
  7215 | D:7      | Reached XP level 10. HP: 49/50 MP: 4/20
  7237 | D:8      | Reached skill level 7 in Spellcasting
  7311 | D:8      | Reached skill level 10 in Earth Magic
  7357 | D:8      | HP: 7/50 [orc wizard/magic dart (6)]
  7358 | D:8      | HP: 2/50 [centaur/arrow (7)]
  7412 | D:8      | Found a staircase to the Lair.
  7413 | D:8      | Noticed a death yak
  7414 | D:8      | Noticed a death yak
  7414 | D:8      | Noticed a death yak
  7433 | D:8      | Killed a death yak
  7434 | D:8      | Reached skill level 8 in Spellcasting
  7434 | D:8      | Reached skill level 2 in Fighting
  7439 | D:8      | Killed a death yak
  7439 | D:8      | HP: 5/55 [death yak (16)]
  7440 | D:8      | Reached skill level 4 in Fighting
  7544 | D:8      | Reached skill level 5 in Fighting
  7607 | D:8      | Found a white marble altar of Elyvilon.
  7660 | D:8      | Killed a death yak
  7661 | D:8      | Reached skill level 6 in Fighting
  7761 | D:9      | Reached skill level 7 in Fighting
  7768 | D:9      | Found a flagged portal.
  7777 | Bailey   | Entered a bailey
  7842 | Bailey   | Identified a +0 crystal plate armour
  7857 | Bailey   | Noticed an orc knight
  7972 | Bailey   | Noticed an orc knight
  8041 | Bailey   | Killed an orc knight
  8042 | Bailey   | Reached skill level 8 in Fighting
  8042 | Bailey   | Reached skill level 2 in Dodging
  8042 | Bailey   | Reached XP level 11. HP: 56/68 MP: 14/23
  8042 | Bailey   | Killed an orc knight
  8043 | Bailey   | Reached skill level 3 in Dodging
  8252 | D:9      | Found a staircase to the Orcish Mines.
  8317 | D:9      | Noticed a +0 dagger
  8317 | D:9      | Noticed a +0 short sword
  8317 | D:9      | Noticed a +0 spear
  8318 | D:9      | Noticed a +0 falchion
  8319 | D:9      | Noticed a +0 short sword
  8320 | D:9      | Noticed a +0 spear
  8321 | D:9      | Noticed a +0 falchion
  8323 | D:9      | Noticed a +0 dagger
  8332 | D:9      | Found a hide-covered altar of Uskayaw.
  8357 | D:9      | Reached skill level 4 in Dodging
  8476 | D:9      | Found a sacrificial altar of Ru.
  8618 | D:9      | Found a radiant altar of Vehumet.
  8634 | D:9      | Became a worshipper of Vehumet
  8715 | D:10     | Entered Level 10 of the Dungeon
  8750 | D:10     | Identified a +1 robe of the Archmagi
  8935 | D:10     | Found a burning altar of Makhleb.
  9125 | D:10     | Reached skill level 5 in Dodging
  9133 | D:10     | Noticed a white ugly thing
  9135 | D:10     | Found a corrupted altar of Lugonu.
  9139 | D:10     | Noticed a large abomination
  9180 | D:10     | Reached * piety under Vehumet
  9180 | D:10     | Offered knowledge of Foxfire by Vehumet.
  9255 | D:10     | Reached skill level 6 in Dodging
  9318 | D:10     | Found a transporter.
  9319 | D:10     | Noticed a purple ugly thing
  9320 | D:10     | Noticed a large abomination
  9321 | D:10     | Found a transporter.
  9321 | D:10     | Noticed a thrashing horror
  9614 | Lair:1   | Entered Level 1 of the Lair of Beasts
  9670 | Lair:1   | Reached skill level 7 in Dodging
  9761 | Lair:1   | Noticed a catoblepas
  9766 | Lair:1   | Killed a catoblepas
  9767 | Lair:1   | Reached skill level 8 in Dodging
  9817 | Lair:1   | Reached XP level 12. HP: 73/73 MP: 19/24
  9825 | Lair:1   | Reached ** piety under Vehumet
  9834 | Lair:1   | Offered knowledge of Momentum Strike by Vehumet.
  9838 | Lair:1   | Reached skill level 9 in Dodging
 10085 | Lair:1   | You add the spells Blink, Manifold Assault and Storm Form
                  | to your library.
 10302 | Lair:2   | Learned a level 4 spell: Petrify
 10341 | Lair:2   | You pick up a book of Callings and begin reading...
 10398 | Lair:2   | Reached skill level 1 in Transmutations
 10416 | Lair:2   | Found a hole to the Spider Nest.
 10451 | Lair:2   | Found a staircase to the Swamp.
 10476 | Lair:2   | Reached skill level 10 in Dodging
 10478 | Lair:2   | Reached skill level 2 in Transmutations
 10530 | Lair:2   | Reached skill level 3 in Transmutations
 10567 | Lair:2   | Reached skill level 1 in Armour
 10620 | Lair:2   | Reached skill level 2 in Armour
 10811 | Lair:2   | Reached skill level 3 in Armour
 10973 | Lair:3   | Found a gate leading to a gauntlet.
 10975 | Lair:3   | Offered knowledge of Dazzling Flash by Vehumet.
 10982 | Lair:2   | Reached skill level 4 in Armour
 11003 | Lair:2   | Reached skill level 5 in Armour
 11018 | Lair:3   | Reached skill level 6 in Armour
 11056 | Gauntlet | Entered a Gauntlet
 11056 | Gauntlet | Found a transporter.
 11056 | Gauntlet | Found a transporter.
 11069 | Gauntlet | Found a transporter.
 11086 | Gauntlet | Found a transporter.
 11086 | Gauntlet | Found a transporter.
 11088 | Gauntlet | Found a transporter.
 11088 | Gauntlet | Found a transporter.
 11090 | Gauntlet | Noticed a green death
 11094 | Gauntlet | Noticed a balrug
 11103 | Gauntlet | Found a transporter.
 11111 | Gauntlet | Found a runed translucent door.
 11118 | Gauntlet | Found a transporter.
 11128 | Gauntlet | Found a transporter.
 11128 | Gauntlet | Noticed a thrashing horror
 11130 | Gauntlet | Noticed a thrashing horror
 11132 | Gauntlet | Found a transporter.
 11165 | Gauntlet | Found a transporter.
 11165 | Gauntlet | Found a transporter.
 11177 | Gauntlet | Found a transporter.
 11264 | Gauntlet | Reached skill level 7 in Armour
 11272 | Gauntlet | Reached *** piety under Vehumet
 11311 | Gauntlet | Reached XP level 13. HP: 54/78 MP: 12/25
 11405 | Gauntlet | Reached skill level 8 in Armour
 11411 | Gauntlet | HP: 12/78 [thrashing horror (12)]
 11419 | Gauntlet | Reached skill level 9 in Armour
 11456 | Gauntlet | Identified the +0 cloak of the Ornamental God {Rampage
                  | Str+3}
 11475 | Gauntlet | Noticed a minotaur
 11483 | Gauntlet | Killed a minotaur
 11500 | Gauntlet | You add the spells Summon Lightning Spire, Haunt and
                  | Disjunction to your library.
 11500 | Gauntlet | Got the Papyrus of Idealism
 11500 | Gauntlet | You add the spells Borgnjor's Revivification, Necromutation
                  | and Death's Door to your library.
 11500 | Gauntlet | You pick up a book of Lightning and begin reading...
 11500 | Gauntlet | You add the spells Static Discharge, Vhi's Electric Charge,
                  | Lightning Bolt and Arcjolt to your library.
 11657 | Lair:3   | Offered knowledge of Flame Wave by Vehumet.
 11801 | Lair:3   | Reached skill level 10 in Armour
 12022 | Lair:3   | You fall into a shaft and drop 2 floors!
 12022 | Lair:5   | Entered Level 5 of the Lair of Beasts
 12080 | Lair:5   | Learned a level 4 spell: Flame Wave
 12112 | Lair:5   | Reached skill level 11 in Armour
 12146 | Lair:5   | Reached skill level 12 in Armour
 12151 | Lair:5   | Reached **** piety under Vehumet
 12258 | Lair:4   | Offered knowledge of Irradiate by Vehumet.
 12514 | Lair:4   | Reached skill level 9 in Spellcasting
 12571 | Lair:4   | Gained mutation: Your large and strong wings let you fly.
                  | [Gargoyle growth]
 12571 | Lair:4   | Reached XP level 14. HP: 69/84 MP: 20/27
 12785 | Lair:4   | HP: 19/84 [death yak (13)]
 12786 | Lair:4   | HP: 7/84 [death yak (12)]
 12826 | Lair:3   | Reached skill level 10 in Spellcasting
 12826 | Lair:3   | Reached skill level 1 in Evocations
 12831 | Lair:3   | Reached skill level 2 in Evocations
 12874 | Lair:3   | Reached skill level 3 in Evocations
 13028 | Lair:4   | Reached ***** piety under Vehumet
 13170 | Lair:5   | Found a staircase to the Slime Pits.
 13175 | Lair:5   | Offered knowledge of Ozocubu's Refrigeration by Vehumet.
 13277 | Lair:5   | Reached skill level 4 in Evocations
 13331 | Lair:5   | Reached skill level 5 in Evocations
 13580 | Lair:5   | Reached skill level 6 in Evocations
 13779 | Lair:5   | Noticed a dire elephant
 13779 | Lair:5   | Noticed a dire elephant
 13779 | Lair:5   | Noticed a dire elephant
 13780 | Lair:5   | Noticed a dire elephant
 13837 | Lair:5   | Reached skill level 7 in Evocations
 14066 | Lair:5   | Killed a dire elephant
 14074 | Lair:5   | HP: 21/84 [dire elephant (19)]
 14075 | Lair:5   | HP: 7/84 [dire elephant (17)]
 14118 | Lair:5   | Killed a dire elephant
 14119 | Lair:5   | Reached skill level 8 in Evocations
 14119 | Lair:5   | HP: 19/84 [dire elephant (22)]
 14123 | Lair:5   | HP: 2/84 [dire elephant (14)]
 14125 | Lair:5   | Mangled by a dire elephant

Vanquished Creatures
  2 dire elephants (Lair:5)
  A minotaur (Gauntlet)
  2 hydras (Lair:5)
  A boulder beetle (Lair:4)
  3 catoblepae
  18 death yaks
  2 thrashing horrors (Gauntlet)
  A spectral death yak (Lair:5)
  2 deep trolls (D:7)
  A necromancer (Lair:5)
  2 oklob plants (Lair:5)
  2 orc knights (Bailey)
  A moth of wrath (Gauntlet)
  A dire elephant zombie (Lair:5)
  An ice statue (Gauntlet)
  6 elephants
  3 black mambas
  2 torpor snails (Lair:5)
  14 cane toads
  3 minotaur zombies (Gauntlet)
  A rime drake (Gauntlet)
  A dire elephant skeleton (Lair:5)
  7 komodo dragons
  3 trolls (D:10)
  2 polar bears
  A hornet (Lair:5)
  24 blink frogs
  A spectral elephant (Lair:5)
  4 small abominations (Gauntlet)
  7 dream sheep (Lair:5)
  2 wyverns
  3 basilisks
  37 yaks
  2 steam dragons
  5 redbacks
  A death yak simulacrum (Lair:5)
  Menkaure (D:6)
  10 water moccasins
  10 orc warriors
  A sky beast (D:8)
  4 elephant zombies (Lair:5)
  An ice beast (D:6)
  7 black bears
  An ogre (D:4)
  7 wolves
  A centaur (D:8)
  2 phantoms
  3 kobold brigands
  11 bullfrogs
  A gnoll sergeant (D:10)
  2 scorpions
  10 wights
  An elephant simulacrum (Lair:5)
  8 killer bees
  6 electric eels
  5 howler monkeys
  A hound (D:6)
  2 jellies
  6 orc priests
  7 iguanas
  10 orc wizards
  2 hell rats (D:8)
  Robin (D:3)
  8 gnolls
  3 river rats (D:8)
  14 adders
  A white imp (D:5)
  3 worms
  3 dart slugs
  49 orcs
  6 endoplasms
  3 giant cockroaches
  14 goblins
  6 hobgoblins
  4 quokkas
  2 ball pythons (D:1)
  5 bats
  4 frilled lizards
  20 kobolds
  4 rats
  A spectral orc (D:6)
440 creatures vanquished.

Vanquished Creatures (others)
  An orc wizard (D:8)
  16 fungi
  67 plants
  15 withered plants (Lair:5)
99 creatures vanquished.

Grand Total: 539 creatures vanquished

Table legend:
 A = Non-vault XP
 B = Vault XP
 C = Vault XP percentage of total XP
 D = Non-vault monster count
 E = Vault monster count
 F = Vault count percentage of total count
                 A         B        C        D         E       F
            +---------+---------+-------+---------+---------+-------
      Total |   53048 |   24969 |  32.0 |     328 |     112 |  25.5
            +---------+---------+-------+---------+---------+-------
        D:1 |      29 |       0 |   0.0 |      16 |       0 |   0.0
        D:2 |      43 |       0 |   0.0 |       9 |       0 |   0.0
        D:3 |     209 |      28 |  11.8 |      26 |       8 |  23.5
        D:4 |     348 |       0 |   0.0 |      16 |       0 |   0.0
        D:5 |     437 |       0 |   0.0 |      20 |       0 |   0.0
        D:6 |    1012 |     345 |  25.4 |      17 |       5 |  22.7
        D:7 |     805 |    1437 |  64.1 |      19 |       2 |   9.5
        D:8 |     891 |    2574 |  74.3 |      17 |      11 |  39.3
        D:9 |    1118 |       7 |   0.6 |      16 |       4 |  20.0
       D:10 |    3834 |       0 |   0.0 |      39 |       0 |   0.0
     Lair:1 |    7257 |     936 |  11.4 |      30 |       5 |  14.3
     Lair:2 |    5980 |     362 |   5.7 |      20 |       2 |   9.1
     Lair:3 |    4890 |       0 |   0.0 |      11 |       0 |   0.0
     Lair:4 |    8001 |    1754 |  18.0 |      29 |      12 |  29.3
     Lair:5 |   18194 |    9457 |  34.2 |      43 |      27 |  38.6
     Bailey |       0 |    1617 | 100.0 |       0 |      20 | 100.0
   Gauntlet |       0 |    6452 | 100.0 |       0 |      16 | 100.0
            +---------+---------+-------+---------+---------+-------

Illustrated notes

Table legend:
 A = Kills in this place as a percentage of kills in entire the game.
 B = Kills by you in this place as a percentage of kills by you in the entire game.
 C = Kills by friends in this place as a percentage of kills by friends in the entire game.
 D = Other kills in this place as a percentage of other kills in the entire game.
 E = Experience gained in this place as a percentage of experience gained in the entire game.
 F = Experience gained in this place divided by the number of levels of this place that you have seen.
                   A       B       C       D       E      F
               +-------+-------+-------+-------+-------+----------------------
         Total | 100.0 | 100.0 |   N/A |   N/A | 100.0 | 4334.3
       Dungeon |  51.1 |  51.1 |   N/A |   N/A |  16.8 | 1311.7
          Lair |  40.7 |  40.7 |   N/A |   N/A |  72.8 | 11366.2
        Bailey |   4.5 |   4.5 |   N/A |   N/A |   2.1 | 1617.0
      Gauntlet |   3.6 |   3.6 |   N/A |   N/A |   8.3 | 6452.0
               +-------+-------+-------+-------+-------+----------------------

Table legend: (Time is in decaauts)
 A = Elapsed time spent in this place.
 B = Non-inter-level travel time spent in this place.
 C = Inter-level travel time spent in this place.
 D = Time resting spent in this place.
 E = Time spent auto-exploring this place.
 F = Levels seen in this place.
 G = Mean time per level.
                   A        B        C        D        E       F      G
               +--------+--------+--------+--------+--------+-----+--------+
         Total |  14405 |  13804 |    601 |    624 |  10070 |  18 |  800.3 |
       Dungeon |   9365 |   8829 |    536 |    386 |   7006 |  10 |  936.5 |
        Temple |     19 |     14 |      5 |      0 |     13 |   1 |   19.0 |
          Lair |   4104 |   4045 |     59 |    195 |   2651 |   5 |  820.8 |
        Bailey |    403 |    403 |      0 |     27 |    169 |   1 |  403.0 |
      Gauntlet |    512 |    512 |      0 |     16 |    231 |   1 |  512.0 |
               +--------+--------+--------+--------+--------+-----+--------+

Top non-repeatable levels by time:
     D:6: 1676 daAuts
     D:3: 1286 daAuts
  Lair:5: 1267 daAuts
     D:5: 1058 daAuts
     D:7: 1058 daAuts
     D:1: 946 daAuts
    D:10: 863 daAuts
  Lair:4: 818 daAuts
     D:2: 722 daAuts
  Lair:2: 715 daAuts
  Lair:1: 701 daAuts
     D:4: 613 daAuts
     D:9: 604 daAuts
  Lair:3: 602 daAuts
     D:8: 534 daAuts
